 Dungeon Crawl Stone Soup version 0.31-a0-263-ge8cad7f256 (webtiles) character file.

Game seed: 12495152745969576297

97 Strat the Trooper (level 4, -5/41 HPs)
             Began as a Hill Orc Gladiator on July 13, 2023.
             Killed by nerve-wracking pain
             ... invoked by Grinder
              (14 damage)
             ... on level 3 of the Dungeon.
             The game lasted 00:03:59 (2152 turns).

Strat the Trooper (Hill Orc Gladiator)              Turns: 2152, Time: 00:04:00

Health: -5/41      AC:  6    Str: 18    XL:     4   Next: 68%
Magic:  4/4        EV: 11    Int:  8    God:
Gold:   102        SH:  0    Dex: 15    Spells: 3/3 levels left

rFire   . . .        b - +3 spear of Internal Strife {venom, rC++ Dex+3 SInv}
rCold   + + .        (no shield)
rNeg    . . .        l - +0 ring mail
rPois   .            c - +0 helmet
rElec   .            (no cloak)
rCorr   .            (no gloves)
SInv    +            (no boots)
Will    .....        (no amulet)
Stlth   +            (no ring)
HPRegen 0.26/turn    (no ring)
MPRegen 0.09/turn

%: no passive effects
@: brilliant
A: no striking features
a: no special abilities


You were on level 3 of the Dungeon.
You visited 1 branch of the dungeon, and saw 3 of its levels.

You collected 102 gold pieces.

Inventory:

Hand Weapons
 a - a +0 flail
 b - the +3 spear of Internal Strife (weapon) {venom, rC++ Dex+3 SInv}
   (You found it on level 3 of the Dungeon)

   Dex:       It affects your dexterity (+3).
   rC:        It greatly protects you from cold.
   SInv:      It lets you see invisible.
Missiles
 d - 3 throwing nets (quivered)
 e - a javelin
 o - 2 poisoned darts
Armour
 c - a +0 helmet (worn)
 l - a +0 ring mail (worn)
 q - a +0 leather armour
Wands
 p - a wand of flame (9)
Scrolls
 f - a scroll of noise {unknown}
 h - a scroll of identify {unknown}
 j - 2 scrolls of teleportation {unknown}
 m - a scroll of enchant weapon {unknown}
 n - a scroll of butterflies {unknown}
Potions
 g - a potion of brilliance
 k - a potion of heal wounds {unknown}


   Skills:
 + Level 4.7 Fighting
 - Level 3.2 Maces & Flails
 - Level 3.0 Throwing
 - Level 2.4 Dodging


You had 3 spell levels left.
You didn't know any spells.
Your spell library was empty.

Dungeon Overview and Level Annotations

Branches:
Dungeon (3/15)

Altars:
Wu Jian

Annotations:
D:3 Grinder


Message History

The hobgoblin closely misses you.
You puncture the hobgoblin!
You kill the hobgoblin!
Grinder blinks!
Grinder says, "Make like a tree!"
Grinder says, "DUCK!"
Grinder says, "Mostly I couldn't keep them alive."
Grinder says, "Tell me all your secrets, or I'll kill you."
Grinder blinks!
You puncture Grinder!
Grinder is lightly wounded.
Grinder hits you!
You writhe in agony.
You barely miss Grinder.
Grinder is lightly wounded.
Grinder hits you.
* * * LOW HITPOINT WARNING * * *
You writhe in agony.
* * * LOW HITPOINT WARNING * * *
Unknown command.
It was a potion of brilliance.
You feel clever all of a sudden.
Grinder says, "Mostly I couldn't keep them alive."
Grinder hits you.
* * * LOW HITPOINT WARNING * * *
You writhe in agony.
* * * LOW HITPOINT WARNING * * *
It was a potion of curing.
You feel better. Grinder hits you!
* * * LOW HITPOINT WARNING * * *
You writhe in agony.
* * * LOW HITPOINT WARNING * * *
Aiming: Throw Flame
Press: ? - help, Shift-Dir - straight line, f - Grinder
Aim: Grinder (lightly wounded, 64% to hit)
The puff of flame hits Grinder.
Grinder is moderately wounded.
Grinder gestures at you. You resist with significant effort.
Grinder gestures at you. Pain shoots through your body!
You die...

#.#.....# #.#.###.#
#.#.# #.# #### ##
#.#.###.###### #.. .
#.#.)..>.....## #.# .#
###
#.###.#.......###.###.#
..#
#....#..####5.........#
#.#######.###
#.##.....###
#.#.......#
#@#.......########
#.#.#####.#
#.................
#....# #.#
#.#.......########
#..#.# #.# #.##.....##
##...# #.# #.##....##
##### #.# #.##.#.## #..
.......# ## ########


You could see Grinder.

Vanquished Creatures
  Robin (D:2)
  An adder (D:2)
  A worm (D:2)
  2 dart slugs (D:1)
  8 ball pythons
  4 endoplasms
  3 giant cockroaches
  13 goblins
  7 hobgoblins
  2 jackals (D:1)
  A quokka (D:1)
  7 bats
  A frilled lizard (D:2)
  6 kobolds
  4 rats
61 creatures vanquished.

Notes
Turn   | Place    | Note
-------+----------+-------------------------------------------
     0 | D:1      | Strat the Hill Orc Gladiator began the quest for the Orb.
     0 | D:1      | Reached XP level 1. HP: 18/18 MP: 1/1
   100 | D:1      | Reached XP level 2. HP: 25/25 MP: 2/2
   192 | D:1      | Reached skill level 3 in Fighting
   417 | D:1      | Reached XP level 3. HP: 23/31 MP: 3/3
  1181 | D:2      | Found an ornate altar of the Wu Jian Council.
  1215 | D:2      | Identified the +1 pair of boots "Tusket" {Dex+2}
  1310 | D:2      | Noticed Robin
  1318 | D:2      | Killed Robin
  1319 | D:2      | Reached skill level 4 in Fighting
  1319 | D:2      | Reached XP level 4. HP: 29/40 MP: 4/4
  1980 | D:3      | Found a faded altar of an unknown god.
  2038 | D:3      | Identified the +3 spear of Internal Strife {venom, rC++
                  | Dex+3 SInv}
  2079 | D:3      | Noticed Grinder
  2152 | D:3      | Killed from afar by Grinder

Illustrated notes

Levels and vault maps discovered:
D:1:      reono_arrival_mine, layout_basic, minmay_shallow_snake_nest
D:2:      layout_loops_ring, basic_altar, uniq_robin
D:3:      layout_loops_ring, hellmonk_ecumenical_altar_lost_god, uniq_grinder

Skill      XL: |  1  2  3 |
---------------+----------+-----
Throwing       | 2 3 |  3.0
Fighting       | 3 4 |  4.7
Maces & Flails | |  3.2
Dodging        | |  2.4

Action                     |  1- 3 |  4- 6 || total
---------------------------+-------+-------++-------
  Melee: Flail             |   129 |    56 ||   185
         Spear             |       |     6 ||     6
  Evoke: Wand              |       |     1 ||     1
    Use: Potion            |       |     2 ||     2
 Armour: Leather armour    |    25 |       ||    25
         Ring mail         |    46 |    25 ||    71
  Dodge: Dodged            |    95 |    34 ||   129

Table legend: (Time is in decaauts)
 A = Elapsed time spent in this place.
 B = Non-inter-level travel time spent in this place.
 C = Inter-level travel time spent in this place.
 D = Time resting spent in this place.
 E = Time spent auto-exploring this place.
 F = Levels seen in this place.
 G = Mean time per level.
                   A        B        C        D        E       F      G
               +--------+--------+--------+--------+--------+-----+--------+
         Total |   2196 |   2095 |    101 |     94 |   1355 |   3 |  732.0 |
       Dungeon |   2196 |   2095 |    101 |     94 |   1355 |   3 |  732.0 |
               +--------+--------+--------+--------+--------+-----+--------+

Top non-repeatable levels by time:
     D:1: 1075 daAuts
     D:2: 864 daAuts
     D:3: 256 daAuts
